 Dungeon Crawl Stone Soup version 0.25.0-9-g26727b657a (webtiles) character file.

Game seed: 14398231985366241346

12319 vurker the Zephyrmancer (level 11, -12/94 HPs)
             Began as a Black Draconian Air Elementalist on June 21, 2020.
             Was an Elder of Vehumet.
             Mangled by Snorg (14 damage)
             ... on level 11 of the Dungeon.
             The game lasted 00:22:34 (15363 turns).

vurker the Zephyrmancer (DrAE)                     Turns: 15363, Time: 00:22:35

Health: -12/94     AC: 10    Str: 12    XL:     11   Next: 60%
Magic:  33/33      EV: 12    Int: 22    God:    Vehumet [****..]
Gold:   622        SH:  0    Dex: 11    Spells: 19/29 levels left

rFire    . . .     SeeInvis .   y - +12 hand axe of Foamiec {drain, rC+ Str+2 Int+2}
rCold    + . .     Gourm    .   (no shield)
rNeg     . . .     Faith    .   (armour unavailable)
rPois    .         Spirit   .   (helmet restricted)
rElec    +         Reflect  .   d - +0 cloak
rCorr    .         Harm     .   i - +0 pair of gloves
MR       .....                  z - +0 pair of boots
Stlth    ++........             (no amulet)
HPRegen  0.25/turn              p - ring of magical power
MPRegen  0.23/turn              (no ring)

@: about to teleport
A: breathe lightning, unfitting armour, electricity resistance, cold-blooded, AC
+7
a: Breathe Lightning, Renounce Religion


You were on level 11 of the Dungeon.
You worshipped Vehumet.
Vehumet was greatly pleased with you.
You were not hungry.

You visited 2 branches of the dungeon, and saw 12 of its levels.

You collected 622 gold pieces.

Inventory:

Hand Weapons
 b - a +1 short sword of venom
   (You took it off a kobold on level 1 of the Dungeon)
 y - the +12 hand axe of Foamiec (weapon) {drain, rC+ Str+2 Int+2}
   (You found it on level 4 of the Dungeon)

   A truly terrible weapon, it drains the life of those it strikes.
   It affects your strength (+2).
   It affects your intelligence (+2).
   It protects you from cold.
Missiles
 r - 6 throwing nets (quivered)
Armour
 d - a +0 cloak (worn)
   (You found it on level 6 of the Dungeon)
 i - a +0 pair of gloves (worn)
   (You found it on level 2 of the Dungeon)
 z - a +0 pair of boots (worn)
   (You found it on level 6 of the Dungeon)
Magical Staves
 A - an uncursed staff of wizardry
   (You found it on level 7 of the Dungeon)
Jewellery
 p - a ring of magical power (left hand)
   (You found it on level 8 of the Dungeon)
Wands
 q - a wand of polymorph (7)
   (You took it off a kobold on level 3 of the Dungeon)
 t - a wand of flame (11)
   (You found it on level 10 of the Dungeon)
 u - a wand of paralysis (15)
   (You found it on level 4 of the Dungeon)
 x - a wand of acid (7)
   (You found it on level 5 of the Dungeon)
Scrolls
 a - 8 scrolls of amnesia
 f - 7 scrolls of teleportation
 o - a scroll of identify
 v - a scroll of magic mapping
 w - 3 scrolls of enchant weapon
 C - a scroll of fog
 F - a scroll of enchant armour
Potions
 c - 3 potions of mutation
 g - 2 potions of invisibility
 h - 2 potions of brilliance
 j - a potion of ambrosia
 k - 4 potions of heal wounds
 l - a potion of haste
 m - a potion of magic
 n - 4 potions of cancellation
 s - 3 potions of curing
 B - 3 potions of flight
Miscellaneous
 D - a box of beasts
Comestibles
 e - 14 rations


   Skills:
 + Level 7.9 Fighting
 - Level 1.7 Dodging
 - Level 1.7 Stealth
 * Level 9.8 Spellcasting
 * Level 9.1 Conjurations
 * Level 12.6 Air Magic


You had 19 spell levels left.
You knew the following spells:

 Your Spells              Type           Power        Failure   Level  Hunger
a - Shock                 Conj/Air       ####         1%          1    None
b - Lightning Bolt        Conj/Air       ######....   1%          5    ####...
c - Airstrike             Air            ######....   1%          4    ##.....

Your spell library contained the following spells:

 Spells                   Type           Power        Failure   Level  Hunger
 Iskenderun's Mystic Bla  Conj/Tloc      ####....     2%          4    ##.....
 Swiftness                Chrm/Air       #####...     1%          2    None
 Dazzling Flash           Conj/Hex       ####..       1%          3    None
 Static Discharge         Conj/Air       ######..     1%          3    None
 Corona                   Hex            ##.....      6%          1    None
 Ensorcelled Hibernation  Hex/Ice        ##....       10%         2    None
 Confusing Touch          Hex            ##......     19%         3    None
 Tukima's Dance           Hex            ##......     19%         3    None


Dungeon Overview and Level Annotations

Branches:
Dungeon (11/15)            Temple (1/1) D:4             Orc (0/2) D:10
   Lair: D:8-11

Altars:
Cheibriados
Dithmenos
Fedhas
Hepliaklqana
Kikubaaqudgha
Makhleb
Nemelex Xobeh
Ru
Sif Muna
Trog
Uskayaw
Vehumet
Wu Jian
Xom
Zin
The Shining One

Shops:
D:8 :

Annotations:
D:3 3 runed translucent doors, Skimidon's ghost, weakling TeCj
D:11 Snorg


Innate Abilities, Weirdness & Mutations

You can breathe wild blasts of lightning.
Your glossy black scales are hard. (AC +7)
You cannot fit into any form of body armour.
You are resistant to electric shocks. (rElec)
You are cold-blooded and may be slowed by cold attacks.


Message History

The centaur drinks a potion.
The centaur seems to speed up.
The centaur wields a +0 shortbow.
The centaur shoots an arrow.
The arrow hits you.
You see here an arrow.
The centaur shoots an arrow.
The arrow hits you!
The centaur shoots an arrow.
The arrow hits you.
You see here 2 arrows.
The centaur shoots an arrow.
The arrow hits you!
The centaur shoots an arrow.
The arrow hits you.
The centaur shoots an arrow.
The arrow hits you.
You see here 3 arrows.
The centaur shoots an arrow.
The arrow barely misses you.
You see here an arrow.
The centaur shoots an arrow.
The arrow hits you but does no damage.
The centaur shoots an arrow.
The arrow closely misses you.
The centaur shoots an arrow.
The arrow hits you!
You see here 2 arrows.
The centaur shoots an arrow.
The arrow hits you.
The centaur shoots an arrow.
The arrow closely misses you.
You see here 3 arrows.
Aim: a centaur, wielding a +0 shortbow and quivering 12 arrows (fast)
The air twists around and strikes the centaur.
The centaur shoots an arrow.
The arrow hits you!
* * * LOW HITPOINT WARNING * * *
Aim: a centaur, wielding a +0 shortbow and quivering 11 arrows (moderately wounded, fast)
The air twists around and strikes the centaur!
The centaur shoots an arrow.
The arrow hits you!
* * * LOW HITPOINT WARNING * * *
The centaur shoots an arrow.
The arrow barely misses you.
Unknown command.
Aim: a centaur, wielding a +0 shortbow and quivering 9 arrows (almost dead, fast)
The air twists around and strikes the centaur!!
You kill the centaur!
Vehumet accepts your kill.
You feel your power returning.
You see here an arrow.
You see here a scorpion corpse.
All of the chunks of flesh in your inventory have rotted away.
There is a stone staircase leading up, spattered with blood here.
The elephant tramples you!
* * * LOW HITPOINT WARNING * * *
You stumble backwards!
You stop ascending the stairs.
The elephant barely misses you.
The elephant trunk-slaps you but does no damage.
Snorg goes berserk!
Snorg rages.
As you read the scroll of teleportation, it crumbles to dust.
You feel strangely unstable. Snorg bites you!!
* * * LOW HITPOINT WARNING * * *
Snorg claws you!
You die...

#.........# #..#
#........#
#.........# #..#
#........#
#.........# #..#
#........#
#.........# #..#
#.....)..#
#.........# #..#
#......(.#
#.........# #..#
#........#
#.........# #..#
#........#
##.........# #..#
#........#
...........# #.@#
#...[....#
#.........# #YT#
#........#
#.........# #..#
#...<...(#
#.........# #..#
#........#
##.........# #..#
#>.......#
...........# #..#
#........#
...........#
#..#####........#
###........#
#...............###
#........#
#..................


You could see Snorg (berserk) and an elephant.

Vanquished Creatures
  Harold (D:7)
  A hydra (D:11)
  Nergalle (D:11)
  3 unseen horrors
  Pikel (D:4)
  Maggie (D:6)
  A komodo dragon (D:11)
  A troll (D:11)
  Prince Ribbit (D:6)
  A hippogriff (D:7)
  A wyvern (D:10)
  5 yaks
  A wraith (D:10)
  A hungry ghost (D:10)
  Edmund (D:4)
  4 phantoms
  2 sky beasts (D:9)
  2 slaves
  A necrophage (D:7)
  2 black bears
  An ice beast (D:9)
  5 orc warriors
  6 centaurs
  7 ogres
  A big kobold (D:8)
  8 bullfrogs
  4 scorpions
  8 killer bees
  10 wights
  2 howler monkeys
  An electric eel (D:6)
  5 crimson imps
  A bullfrog zombie (D:7)
  2 hounds
  A quasit (D:6)
  2 centaur zombies
  A jelly (D:7)
  4 orc priests
  15 orc wizards
  A gnoll shaman (D:8)
  4 bullfrog skeletons
  2 centaur skeletons
  Jessica (D:3)
  7 iguanas
  6 worker ants
  A hound zombie (D:6)
  2 hound skeletons
  A mummy (D:7)
  2 worker ant zombies (D:7)
  A howler monkey zombie (D:7)
  14 gnolls
  6 adders
  2 oozes
  An adder zombie (D:7)
  2 adder skeletons
  2 worms
  2 dart slugs
  4 leopard geckos
  39 orcs
  12 giant cockroaches
  14 goblins
  11 hobgoblins
  6 jackals
  17 kobolds
  4 quokkas
  2 ball pythons
  2 bats (D:3)
  7 frilled lizards
  A leopard gecko zombie (D:6)
  6 rats
298 creatures vanquished.

Vanquished Creatures (others)
  A fungus (D:11)
1 creature vanquished.

Grand Total: 299 creatures vanquished

Notes
Turn   | Place    | Note
-------+----------+-------------------------------------------
     0 | D:1      | vurker the Draconian Air Elementalist began the quest for
                  | the Orb.
     0 | D:1      | Reached XP level 1. HP: 14/14 MP: 3/3
   232 | D:1      | Reached XP level 2. HP: 11/22 MP: 0/5
   679 | D:1      | Reached XP level 3. HP: 22/27 MP: 1/6
   681 | D:1      | Reached skill level 1 in Fighting
   751 | D:1      | Found a bloodstained altar of Trog.
  1178 | D:2      | Found a shadowy altar of Dithmenos.
  1431 | D:2      | Reached XP level 4. HP: 35/35 MP: 6/8
  2245 | D:3      | Noticed Jessica
  2255 | D:3      | Killed Jessica
  2255 | D:3      | Reached skill level 4 in Air Magic
  2404 | D:3      | Reached XP level 5. HP: 41/41 MP: 6/9
  2494 | D:3      | Found a hazy altar of Hepliaklqana.
  3159 | D:3      | Found a runed translucent gate.
  3159 | D:3      | Found a runed translucent gate.
  3159 | D:3      | Noticed Skimidon's ghost (weakling TeCj)
  3160 | D:3      | Found a runed translucent gate.
  3225 | D:4      | Got a twisted hand axe
  3226 | D:4      | Identified the +12 hand axe of Foamiec {drain, rC+ Str+2
                  | Int+2} (You found it on level 4 of the Dungeon)
  3274 | D:4      | Noticed an ogre
  3279 | D:4      | Killed an ogre
  3279 | D:4      | Reached XP level 6. HP: 50/50 MP: 6/11
  3377 | D:4      | Learned a level 5 spell: Lightning Bolt
  3382 | D:4      | Learned a level 4 spell: Airstrike
  3942 | D:4      | Reached skill level 5 in Air Magic
  4036 | D:4      | Noticed Edmund
  4073 | D:4      | Killed Edmund
  4073 | D:4      | Your scales start taking on a glossy black colour.
  4073 | D:4      | Reached skill level 6 in Air Magic
  4073 | D:4      | Reached XP level 7. HP: 34/57 MP: 2/13
  4073 | D:4      | Gained mutation: You are resistant to electric shocks.
                  | (rElec) [Black Draconian growth]
  4218 | D:4      | Found a staircase to the Ecumenical Temple.
  4257 | Temple   | Entered the Ecumenical Temple
  4297 | Temple   | Became a worshipper of Vehumet
  4362 | D:4      | Found a shimmering blue altar of Sif Muna.
  4385 | D:4      | Noticed Pikel
  4674 | D:4      | Killed Pikel
  4674 | D:4      | Reached skill level 5 in Spellcasting
  4674 | D:4      | Reached skill level 7 in Air Magic
  4674 | D:4      | Reached XP level 8. HP: 54/66 MP: 1/15
  4931 | D:5      | Entered Level 5 of the Dungeon
  5016 | D:5      | Found a glowing golden altar of the Shining One.
  5341 | D:5      | Found a blossoming altar of Fedhas.
  5538 | D:5      | Found a blossoming altar of Fedhas.
  5551 | D:5      | Reached skill level 8 in Air Magic
  6419 | D:5      | Found a shadowy altar of Dithmenos.
  6439 | D:6      | Reached * piety under Vehumet
  6439 | D:6      | Offered knowledge of Sandblast by Vehumet.
  6821 | D:6      | Noticed Prince Ribbit
  6824 | D:6      | Killed Prince Ribbit
  6824 | D:6      | Reached XP level 9. HP: 73/73 MP: 5/18
  6934 | D:6      | Found a blossoming altar of Fedhas.
  6969 | D:6      | Reached skill level 9 in Air Magic
  6976 | D:6      | Reached skill level 5 in Fighting
  7066 | D:6      | Noticed Maggie
  7077 | D:6      | Killed Maggie
  7077 | D:6      | Reached skill level 5 in Conjurations
  7239 | D:6      | Found a snail-covered altar of Cheibriados.
  7281 | D:6      | Found a shimmering altar of Xom.
  7794 | D:7      | Reached ** piety under Vehumet
  7849 | D:7      | Found a sacrificial altar of Ru.
  7996 | D:7      | Offered knowledge of Magic Dart by Vehumet.
  8142 | D:7      | Found a burning altar of Makhleb.
  8795 | D:7      | Reached skill level 10 in Air Magic
  9047 | D:7      | Noticed Harold
  9075 | D:7      | Killed Harold
  9075 | D:7      | Reached XP level 10. HP: 75/83 MP: 0/21
  9383 | D:7      | Found a sparkling altar of Nemelex Xobeh.
  9876 | D:8      | Offered knowledge of Conjure Flame by Vehumet.
  9982 | D:8      | Reached *** piety under Vehumet
 10223 | D:8      | Found Tuw Pues's Book Shoppe.
 10237 | D:8      | Found a hide-covered altar of Uskayaw.
 11022 | D:9      | Offered knowledge of Stone Arrow by Vehumet.
 11022 | D:9      | Reached skill level 11 in Air Magic
 11687 | D:10     | Entered Level 10 of the Dungeon
 11967 | D:10     | Found a staircase to the Orcish Mines.
 12053 | D:10     | Killed an unseen horror
 12333 | D:10     | Reached **** piety under Vehumet
 12746 | D:10     | Reached XP level 11. HP: 92/92 MP: 24/24
 12837 | D:10     | Offered knowledge of Iskenderun's Mystic Blast by Vehumet.
 12928 | D:10     | Found a snail-covered altar of Cheibriados.
 13202 | D:10     | Killed an unseen horror
 13353 | D:9      | Reached skill level 12 in Air Magic
 14578 | D:11     | Noticed an eight-headed hydra
 14583 | D:11     | Killed an eight-headed hydra
 14714 | D:11     | Killed an unseen horror
 14881 | D:11     | Noticed Nergalle
 14898 | D:11     | Killed Nergalle
 15298 | D:11     | Noticed Snorg
 15363 | D:11     | HP: 2/94 [Snorg (27)]
 15363 | D:11     | Mangled by Snorg

Illustrated notes

Levels and vault maps discovered:
D:1:      minmay_arrival_three_doors, layout_basic, minmay_hexomino_r4
D:2:      layout_rooms, first_ration, nicolae_dithmenos_shadow_blocks
D:3:      layout_loops_ring, nicolae_overflow_crystal_walls,
          ebering_ghost_rock_garden, uniq_jessica
D:4:      layout_cave_pods, led_sif_pool, minmay_temple_entry_junction,
          item_on_display_a, uniq_edmund, uniq_pikel
D:5:      layout_basic, nicolae_tso_carved_into_rock, kennysheep_mini_moat,
          basic_altar, fedhas_altar_3
D:6:      layout_cave_pools, kennysheep_little_box, cheibriados_altar_1,
          basic_altar, lightli_minifort, uniq_prince_ribbit1, uniq_maggie
D:7:      layout_gridville, hangedman_ru_absence, lemuel_doored_altar,
          lemuel_coloured_pillars_altar, serial_undead, serial_undead_f,
          serial_undead_c, serial_undead_e, serial_undead_f, serial_undead_f,
          serial_undead_e, uniq_harold
D:8:      layout_basic, lemuel_crystal_altar, serial_shops, nicolae_shop_crystal
D:9:      layout_small_grid, minmay_misc_feat_four_crosses
D:10:     layout_layer_cave, orc_0_dummy, basic_altar
D:11:     layout_long_grid, david_lair_generic, portal_ice_cave_rime,
          grunt_pizzeria, uniq_grum, uniq_nergalle, uniq_snorg
Temple:   minmay_temple_forest_path

Skill      XL: |  1  2  3  4  5  6  7  8  9 10 11 |
---------------+----------------------------------+-----
Fighting       | 1 2 3 4 6 7 |  7.9
Conjurations   | 2 3 4 6 8 9 |  9.1
Spellcasting   | 3 4 5 6 7 9 |  9.8
Air Magic      | 4 6 7 8 10 11 12 | 12.6
Dodging        | |  1.7
Stealth        | |  1.7

Action                   |  1- 3 |  4- 6 |  7- 9 | 10-12 || total
-------------------------+-------+-------+-------+-------++-------
Melee: Dagger            |     6 |       |       |       ||     6
       Unarmed           |     2 |       |       |       ||     2
       Short sword       |    48 |    24 |       |       ||    72
       Tailslap          |     6 |     1 |       |     1 ||     8
       Hand axe          |       |    10 |    17 |    17 ||    44
 Cast: Shock             |    41 |   132 |   289 |   223 ||   685
       Airstrike         |       |       |    22 |   123 ||   145
       Lightning Bolt    |       |       |       |     2 ||     2
 Abil: Breathe Lightning |       |       |     1 |     2 ||     3
  Use: Scroll            |       |    10 |     9 |     7 ||    26
  Eat: Chunk             |     2 |     8 |    14 |    21 ||    45
       Ration            |       |       |     1 |     2 ||     3
Armor: Skin              |    18 |     7 |    41 |    59 ||   125
Dodge: Dodged            |    38 |    34 |    82 |    97 ||   251
